 Dungeon Crawl Stone Soup version 0.31.0-12-g77e489cdc1 (webtiles) character file.

Game seed: 9274463422646041078

226 Silvore the Shield-Bearer (level 5, -5/47 HPs)
             Began as a Minotaur Fighter on Feb 17, 2024.
             Slain by Sigmund
             ... wielding a +0 scythe
              (8 damage)
             ... on level 3 of the Dungeon.
             The game lasted 00:02:26 (1724 turns).

Silvore the Shield-Bearer (Minotaur Fighter)        Turns: 1724, Time: 00:02:27

Health: -5/47      AC: 10    Str: 23    XL:     5   Next: 69%
Magic:  4/4        EV: 10    Int:  5    God:
Gold:   95         SH:  0    Dex:  9    Spells: 4/4 levels left

rFire   . . .        a - +1 long sword
rCold   . . .        c - +0 buckler
rNeg    . . .        b - +0 scale mail
rPois   .            (helmet restricted)
rElec   +            k - +2 cloak of the Crypt {rElec}
rCorr   .            (no gloves)
SInv    .            (no boots)
Will    .....        (no amulet) Stlth
                     (no ring)
HPRegen 0.27/turn    (no ring)
MPRegen 0.09/turn

%: no passive effects
@: confused, mighty
A: horns 2, retaliatory headbutt
a: no special abilities


You were on level 3 of the Dungeon.
You visited 1 branch of the dungeon, and saw 3 of its levels.

You collected 95 gold pieces.

Inventory:

Hand Weapons
 a - a +1 long sword (weapon)
Armour
 b - a +0 scale mail (worn)
 c - a +0 buckler (worn)
 k - the +2 cloak of the Crypt (worn) {rElec}
   (You found it on level 2 of the Dungeon)

   rElec:     It insulates you from electricity.
Jewellery
 j - a ring of flight
Scrolls
 f - 3 scrolls of teleportation
 l - a scroll of identify {unknown}
Potions
 e - a potion of berserk rage {unknown}
 g - 2 potions of curing {unknown}
 h - a potion of lignification {unknown}
 i - a potion of ambrosia {unknown}


   Skills:
 + Level 4.7 Fighting
 + Level 4.3 Long Blades
 + Level 4.8 Armour
 + Level 1.4 Dodging
 + Level 0.2 Stealth
 + Level 4.8 Shields


You had 4 spell levels left.
You didn't know any spells.
Your spell library contained the following spells:

 Spells                   Type           Power      Damage    Failure   Level
 Conjure Ball Lightning   Conj/Air       0%         3x3d6     100%        6
 Discord                  Hex            0%         N/A       100%        8
 Disjunction              Tloc           0%         N/A       100%        8


Dungeon Overview and Level Annotations

Branches:
Dungeon (3/15)

Altars:

Annotations:
D:3 Sigmund


Innate Abilities, Weirdness & Mutations

You have a pair of horns on your head.
You reflexively headbutt those who attack you in melee.


Message History

You closely miss Sigmund.
Sigmund is severely wounded.
Sigmund gestures at you while chanting.
You are confused.
The ribbon worm bites you but does no damage.
You bump into the rock wall.
Sigmund hits you but does no damage.
You miss Sigmund.
Sigmund is severely wounded.
The ribbon worm bites you but does no damage.
Sigmund points at you and mumbles some strange words.
You are more confused.
You bump into the rock wall.
A bat comes into view.
The ribbon worm closely misses you.
Sigmund points at you and mumbles some strange words.
The puff of flame hits you but does no damage.
The bat moves out of view.
Unknown command.
You miss Sigmund.
Sigmund is severely wounded.
The ribbon worm closely misses you. Sigmund hits you with a +0 scythe.
* * * LOW HITPOINT WARNING * * *
You slash the ribbon worm!
You kill the ribbon worm!
Sigmund mumbles some strange words.
Sigmund flickers and vanishes!
Deactivating autopickup; reactivate with Ctrl-A.
Unknown command.
You bump into the rock wall.
Something hits you but does no damage.
You miss something. You barely miss something.
You hear some strange, mumbled words.
A magic dart appears from out of thin air!
The magic dart hits you but does no damage.
You hear some strange, mumbled words.
A puff of flame appears from out of thin air!
The puff of flame hits you.
* * * LOW HITPOINT WARNING * * *
You bump into the rock wall.
Something hits you!
You die...

...... #........ ...#..
#.......>.. #....
#..........##....
#................
###$.......[.......
..................
#?.#####†..........#....
#..goo{@................
...#B####................
#.......?...<....
##....)...†......#
#.....|....#.....#
#...†.....##.....#
#.......####.....#
#.......# #.....#
#.......# ###..##


You could see 2 orcs, a giant cockroach and a hobgoblin.

Vanquished Creatures
  A bombardier beetle (D:3)
  Jessica (D:2)
  Natasha (D:3)
  Terence (D:2)
  An orc wizard (D:3)
  Robin (D:2)
  An adder (D:3)
  3 dart slugs
  A ribbon worm (D:3)
  3 orcs (D:3)
  5 endoplasms
  2 giant cockroaches (D:1)
  15 goblins
  5 hobgoblins
  2 jackals (D:1)
  10 kobolds
  7 ball pythons
  2 bats
  4 frilled lizards
  6 rats
72 creatures vanquished.

Notes
Turn   | Place    | Note
-------+----------+-------------------------------------------
     0 | D:1      | Silvore the Minotaur Fighter began the quest for the Orb.
     0 | D:1      | Reached XP level 1. HP: 19/19 MP: 0/0
   116 | D:1      | Reached XP level 2. HP: 24/27 MP: 1/1
   526 | D:2      | Noticed Jessica
   545 | D:2      | Killed Jessica
   546 | D:2      | Reached XP level 3. HP: 26/33 MP: 2/2
   574 | D:2      | Noticed Terence
   580 | D:2      | Killed Terence
   581 | D:2      | Reached XP level 4. HP: 38/40 MP: 3/3
   606 | D:2      | Noticed Robin
   635 | D:2      | Killed Robin
   888 | D:2      | Found a faded altar of an unknown god.
  1095 | D:2      | Identified the +2 cloak of the Crypt {rElec}
  1104 | D:2      | Reached skill level 1 in Dodging
  1578 | D:3      | Reached XP level 5. HP: 27/47 MP: 4/4
  1678 | D:3      | Noticed Natasha
  1683 | D:3      | Killed Natasha
  1685 | D:3      | Noticed Sigmund
  1724 | D:3      | Slain by Sigmund

Illustrated notes

Levels and vault maps discovered:
D:1:      dpeg_arrival_round_c, layout_basic, serial_glass, glass_columns_c,
          glass_columns_a, glass_columns_a, glass_columns_a, glass_columns_b,
          glass_columns_b, st_stairs_1, minmay_indecisive_spiral
D:2:      minmay_kobold_bridge, layout_loops_ring,
          shapermc_ecumenical_altar_totnotflames, minmay_misc_feat_columns,
          serial_bayou_lagoon_a, uniq_jessica, uniq_robin, uniq_terence
D:3:      layout_rooms, chequers_serial_rivers_micro_d, minmay_vboxes,
          uniq_natasha, uniq_ijyb, uniq_sigmund, uniq_crazy_yiuf_cottage

Skill      XL: |  1  2  3  4  5 |
---------------+----------------+-----
Shields        | 4 |  4.8
Armour         | 4 |  4.8
Fighting       | 4 |  4.7
Long Blades    | 3 4 |  4.3
Dodging        | 1 |  1.4
Stealth        | |  0.2

Action                     |  1- 3 |  4- 6 || total
---------------------------+-------+-------++-------
  Melee: Long sword        |    42 |   123 ||   165
         Headbutt          |     5 |    15 ||    20
    Use: Scroll            |     2 |     1 ||     3
         Potion            |       |     1 ||     1
 Armour: Scale mail        |    23 |   114 ||   137
  Dodge: Dodged            |    19 |    49 ||    68
  Block: Buckler           |    12 |    25 ||    37
